 Dungeon Crawl Stone Soup version 0.29.1-15-g9cfb28693d (webtiles) character file.

Game seed: 5772235057522563353

102 Wilku the Ruffian (level 4, -1/45 HPs)
             Began as a Troll Berserker on Mar 2, 2023.
             Was a Believer of Trog.
             Slain by a goblin
             ... wielding a +0 club
             ... led by Robin
              (5 damage)
             ... on level 3 of the Dungeon.
             The game lasted 00:15:20 (1082 turns).

Wilku the Ruffian (Troll Berserker)                 Turns: 1082, Time: 00:15:21

Health: -1/45      AC:  4    Str: 27    XL:     4   Next: 49%
Magic:  3/3        EV: 10    Int:  3    God:    Trog [**....]
Gold:   80         SH:  0    Dex:  9    Spells: 3/3 levels left

rFire   + . .      SeeInvis .   h - +0 falchion
rCold   x . .      Faith    .   (no shield)
rNeg    . . .      Spirit   .   g - +0 animal skin
rPois   .          Reflect  .   (helmet restricted)
rElec   .          Harm     .   (no cloak)
rCorr   .          Rampage  .   (gloves unavailable)
Will    .....                   (boots unavailable)
Stlth   +.........              (no amulet)
HPRegen 0.95/turn               e - ring of fire
MPRegen 0.08/turn               (no ring)

@: no status effects
A: large, unfitting armour, claws 3, regeneration 1, shaggy fur 1, tough skin 1
a: Renounce Religion, Berserk, Trog's Hand


You were on level 3 of the Dungeon.
You worshipped Trog.
Trog was pleased with you.
You visited 1 branch of the dungeon, and saw 3 of its levels.

You collected 80 gold pieces.

Inventory:

Hand Weapons
 h - a +0 falchion (weapon)
Missiles
 j - a boomerang (quivered)
Armour
 a - a +0 leather armour
 g - a +0 animal skin (worn)
Jewellery
 e - a ring of fire (left claw)
Scrolls
 d - a scroll of vulnerability {unknown}
 f - a scroll of poison {unknown}
Potions
 b - 2 potions of curing {unknown}
 c - a potion of attraction {unknown}
 i - a potion of invisibility {unknown}
 k - a potion of degeneration {unknown}


   Skills:
 + Level 3.0 Fighting
 + Level 0.1 Long Blades
 + Level 3.1 Dodging
 + Level 4.2 Unarmed Combat


You had 3 spell levels left.
You didn't know any spells.
Your spell library contained the following spells:

 Spells                   Type           Power      Damage    Failure   Level
 Frozen Ramparts          Ice            0%         1d1       88%         3
 Ice Form                 Ice/Tmut       0%         N/A       99%         4
 Summon Ice Beast         Ice/Summ       0%         N/A       99%         4


Dungeon Overview and Level Annotations

Branches:
Dungeon (3/15)

Altars:
Kikubaaqudgha
Uskayaw
Xom
Yredelemnul

Annotations:
D:3 Robin


Innate Abilities, Weirdness & Mutations

You are too large for most types of armour.
You have claws for hands.
Your natural rate of healing is unusually fast.
You are covered in fur. (AC +1)
You have tough skin. (AC +1)


Message History

The hobgoblin hits you. The goblin closely misses you.
The hobgoblin closely misses you.
You closely miss the goblin.
The goblin is heavily wounded.
The hobgoblin closely misses you. The goblin hits you with a +0 club.
The goblin closely misses you. The hobgoblin hits you.
You slash the goblin!
You kill the goblin!
Trog accepts your kill. The hobgoblin closely misses you.
The goblin hits you with a +0 club. The hobgoblin hits you.
* * * LOW HITPOINT WARNING * * *
The goblin hits you but does no damage. The hobgoblin hits you.
* * * LOW HITPOINT WARNING * * *
The hobgoblin barely misses you. The goblin hits you with a +0 dagger.
* * * LOW HITPOINT WARNING * * *
You barely miss the goblin. The hobgoblin closely misses you.
Robin roars a battlecry!
The goblins go into a battle-frenzy!
The goblin barely misses you. The goblin closely misses you.
The hobgoblin misses you.
You hit the goblin.
You kill the goblin!
Trog accepts your kill. The hobgoblin closely misses you.
Robin throws the goblin at you!
* * * LOW HITPOINT WARNING * * *
The goblin hits you with a +0 club.
* * * LOW HITPOINT WARNING * * *
The goblin hits you with a +0 club.
* * * LOW HITPOINT WARNING * * *
The hobgoblin closely misses you.
You hit the goblin.
You kill the goblin!
Trog accepts your kill.
The hobgoblin hits you but does no damage.
The goblin hits you but does no damage. The hobgoblin barely misses you.
The goblin hits you but does no damage. The hobgoblin hits you.
* * * LOW HITPOINT WARNING * * *
The goblin hits you with a +0 club.
You die...

......#####........?....... ..##
......# ###.......#.. ... .....
......#### ....#.....##### ....#
.......... ............###...#
......### #..........#....
......# ####.......##.#...#
##.#### ##..........##.#..## #.#
#.g##gg.....##....##
##.###########.g@gg......###....g
#..........##..g##............g..
#..........#..###..........†...##
#...............†.......>........
#............############.#.#####
#..........### #....†#
#..........# #.....# #..........#
#.....# ####..###### .......#


You could see Robin, 2 hobgoblins and 4 goblins.

Vanquished Creatures
  A hound (D:3)
  An ufetubus (D:3)
  A worm (D:3)
  A dart slug (D:1)
  7 orcs (D:3)
  2 ball pythons (D:3)
  6 endoplasms
  3 giant cockroaches (D:1)
  9 goblins
  5 hobgoblins
  3 kobolds (D:1)
  2 quokkas (D:3)
  2 bats
  5 frilled lizards (D:3)
  2 rats (D:1)
50 creatures vanquished.

Vanquished Creatures (others)
  6 plants (D:1)
6 creatures vanquished.

Grand Total: 56 creatures vanquished

Notes
Turn   | Place    | Note
-------+----------+-------------------------------------------
     0 | D:1      | Wilku the Troll Berserker began the quest for the Orb.
     0 | D:1      | Reached XP level 1. HP: 22/22 MP: 0/0
   151 | D:1      | Reached XP level 2. HP: 28/29 MP: 1/1
   368 | D:1      | Found a faded altar of an unknown god.
   606 | D:3      | Reached XP level 3. HP: 34/36 MP: 2/2
   610 | D:3      | Reached ** piety under Trog
   677 | D:3      | Reached XP level 4. HP: 44/44 MP: 3/3
   693 | D:3      | Reached skill level 4 in Unarmed Combat
   916 | D:3      | Found a hide-covered altar of Uskayaw.
   916 | D:3      | Found a shimmering altar of Xom.
   919 | D:3      | Found a basalt altar of Yredelemnul.
   919 | D:3      | Found an ancient bone altar of Kikubaaqudgha.
  1043 | D:3      | Noticed Robin
  1082 | D:3      | Slain by a goblin

Illustrated notes

Levels and vault maps discovered:
D:1:      psy_arrival_spokes, layout_loops_ring,
          dilly_ecumenical_altar_fadedgnrine
D:2:      layout_basic, serial_curves, eino_curves_01, eino_curves_02
D:3:      layout_rooms, mainiacjoe_overflow_alcove_3, guppyfry_early_orc_mine,
          uniq_robin

Skill      XL: |  1  2  3  4 |
---------------+-------------+-----
Dodging        | 3 |  3.1
Unarmed Combat | 4 |  4.2
Fighting       | 3 |  3.0
Long Blades    | |  0.1

Action                   |  1- 3 |  4- 6 || total
-------------------------+-------+-------++-------
Melee: Unarmed           |    92 |    22 ||   114
       Punch             |     5 |     1 ||     6
       Falchion          |       |    42 ||    42
Invok: Berserk           |       |     1 ||     1
Armor: Animal skin       |    15 |    26 ||    41
Dodge: Dodged            |    25 |    48 ||    73
